 Dungeon Crawl Stone Soup version 0.31.0-9-g3a7656b989 (webtiles) character file.

Game seed: 2712051409488599014

37 qw the Shooter (level 3, 0/20 HPs)
             Began as a Deep Elf Hunter on Feb 2, 2024.
             Slain by Robin
             ... wielding a +0 dagger
              (1 damage)
             ... on level 2 of the Dungeon.
             The game lasted 00:00:02 (587 turns).

qw the Shooter (Deep Elf Hunter)                     Turns: 587, Time: 00:00:02

Health: 0/20       AC:  6    Str: 10    XL:     3   Next: 21%
Magic:  5/5        EV: 12    Int: 13    God:
Gold:   64         SH:  0    Dex: 18    Spells: 2/2 levels left

rFire   + . .        a - +0 shortbow
rCold   . . .        (shield currently unavailable)
rNeg    . . .        c - +0 leather armour
rPois   .            (no helmet)
rElec   .            (no cloak)
rCorr   .            (no gloves)
SInv    .            d - +2 pair of boots
Will    .....        (no amulet)
Stlth   ++           h - ring of protection from fire
HPRegen 0.23/turn    (no ring)
MPRegen 0.09/turn

%: no passive effects
@: no status effects
A: no striking features
a: no special abilities


You were on level 2 of the Dungeon.
You visited 1 branch of the dungeon, and saw 2 of its levels.

You collected 64 gold pieces.


   Skills:
 - Level 1.5 Fighting
 + Level 6.8 Ranged Weapons
 - Level 2.4 Dodging
 - Level 1.2 Stealth


You had 2 spell levels left.
You didn't know any spells.
Your spell library was empty.

Inventory:

Hand Weapons
 a - a +0 shortbow (weapon)
Armour
 c - a +0 leather armour (worn)
 d - a +2 pair of boots (worn)
Jewellery
 h - a ring of protection from fire (left hand)
Potions
 e - a potion of lignification {unknown}

Dungeon Overview and Level Annotations

Branches:
Dungeon (2/15)

Altars:

Annotations:
D:2 Robin, Terence


Message History

The goblin barely misses you. The goblin hits you with a +0 dagger.
You shoot an arrow. The arrow hits the goblin.
The goblin is almost dead.
The goblin hits you but does no damage. The goblin hits you with a +0 dagger.
Terence shouts, "Now you die!" The goblin barely misses you.
You shoot an arrow. The arrow hits the goblin!
You kill the goblin!
A goblin comes into view. It is wielding a +0 club.
The goblin hits you with a +0 dagger. The goblin closely misses you.
You shoot an arrow. The arrow hits the goblin!
You kill the goblin!
The goblin hits you but does no damage.
You shoot an arrow. The arrow hits Robin.
Robin is heavily wounded.
The goblin barely misses you. The hobgoblin hits you. Robin closely misses you.
Terence looks scornfully at you.
You shoot an arrow.
The arrow hits Robin but does no damage.
Robin is heavily wounded.
The goblin misses you. The hobgoblin misses you.
Robin hits you with a +0 dagger. Terence hits you but does no damage.
Robin hits you but does no damage. The hobgoblin hits you.
A goblin comes into view. It is wielding a +0 dagger.
The goblin hits you but does no damage. Terence barely misses you.
The hobgoblin barely misses you.
You shoot an arrow. The goblin shouts!
The arrow hits Robin.
Robin is heavily wounded.
The goblin misses you.
The hobgoblin hits you but does no damage.
Robin throws the goblin at you!
The hobgoblin hits you but does no damage.
Terence hits you but does no damage.
You shoot an arrow. The arrow completely misses Robin.
The goblin hits you but does no damage. x2; The hobgoblin barely misses you.
Terence hits you with a +0 hand axe. Robin hits you with a +0 dagger.
You die...
Robin calls out, "Let's celebrate!
Time for a feast!"

.<##...## #......#
........# #......#
#.##....###......#
.#.##.............# #
..................#.
#.##....###.#.#...
#.##....###.#.#.##.##
##.##...>....g)g......
#............g@g....).
#..#.....###.)g@.#..#.
#..#...........g.# #
###..#...#..##.#...#
#....................
###..#.......#.#......
#..#.#.#.#.#.#.........
###..#%#.#.#.#
.........# ###
#.......... ..........
...


You could see Terence, Robin, 2 hobgoblins and 3 goblins.

Vanquished Creatures
  2 dart slugs (D:1)
  3 endoplasms (D:1)
  4 hobgoblins
  2 quokkas (D:1)
  3 ball pythons
  2 bats
  3 frilled lizards (D:1)
  6 goblins (D:2)
  3 kobolds (D:1)
  3 rats
31 creatures vanquished.

Notes
Turn   | Place    | Note
-------+----------+-------------------------------------------
     0 | D:1      | qw the Deep Elf Hunter began the quest for the Orb.
     0 | D:1      | Reached XP level 1. HP: 12/12 MP: 3/3
     0 | D:1      | 0 ||| qw: Version: 0.3-a-155-g5e7d8dd
     0 | D:1      | 0 ||| qw: Game counter: 2245
     0 | D:1      | 0 ||| qw: Melee chars always use a shield: true
     0 | D:1      | 0 ||| qw: God list: Okawaru
     0 | D:1      | 0 ||| qw: Allow faded altars: false
     0 | D:1      | 0 ||| qw: Do Orc after clearing Dungeon:15 true
     0 | D:1      | 0 ||| qw: Do second Lair branch before Depths: true
     0 | D:1      | 0 ||| qw: Lair rune preference: random
     0 | D:1      | 0 ||| qw: Goals: Normal
     0 | D:1      | 0 ||| PLANNING D:1-11
   108 | D:1      | Reached XP level 2. HP: 16/16 MP: 4/4
   132 | D:1      | Reached skill level 6 in Ranged Weapons
   427 | D:1      | 427 ||| UPGRADING to +2 pair of boots.
   432 | D:1      | 432 ||| UPGRADING to ring of protection from fire.
   433 | D:1      | 433 ||| READING scroll labelled LESOOP KUNK.
   434 | D:1      | 434 ||| READING scroll labelled GUZAZI QISOEC.
   439 | D:1      | 439 ||| READING scroll labelled NOKUIPS REOH.
   440 | D:1      | 440 ||| DROPPING scroll of butterflies.
   559 | D:2      | Reached XP level 3. HP: 20/20 MP: 5/5
   573 | D:2      | Noticed Robin
   578 | D:2      | Noticed Terence
   585 | D:2      | HP: 4/20 [hobgoblin[Robin] (4)]
   587 | D:2      | HP: 1/20 [Terence/+0 hand axe (4)]
   587 | D:2      | Slain by Robin

Levels and vault maps discovered:
D:1:      minmay_arrival_semitransparent, layout_basic, minmay_heptomino_d4
D:2:      layout_basic, serial_shops, nicolae_diamond_shop, basic_altar,
          uniq_crazy_yiuf_cottage, uniq_robin, uniq_terence

Skill      XL: |  1  2 |
---------------+-------+-----
Ranged Weapons | 6 |  6.8
Fighting       | |  1.5
Dodging        | |  2.4
Stealth        | |  1.2

Action                     || total
---------------------------++-------
   Fire: Shortbow          ||    71
    Use: Scroll            ||     3
 Armour: Leather armour    ||    30
  Dodge: Dodged            ||    15

Table legend:
 A = Non-vault XP
 B = Vault XP
 C = Vault XP percentage of total XP
 D = Non-vault monster count
 E = Vault monster count
 F = Vault count percentage of total count
                 A         B        C        D         E       F
            +---------+---------+-------+---------+---------+-------
      Total |      39 |      14 |  26.4 |      23 |       8 |  25.8
            +---------+---------+-------+---------+---------+-------
        D:1 |      33 |       4 |  10.8 |      19 |       2 |   9.5
        D:2 |       6 |      10 |  62.5 |       4 |       6 |  60.0
            +---------+---------+-------+---------+---------+-------
